General information
- name: BNet
- type: Ladder team game (AT/RT)
- host: Battle.net
- saver:
map: Battleground
- players: 8
- length: 41:48
- speed: Fast
- version: 1.26 W3XP
- replay type: Public
» download(238 KB)
Players
team 1 (winner)

»
Lowborn (
red | 69 APM | 1087 actions | 15:47)
3 Death Knight
2 Death Coil
1 Unholy Aura
2 Lich
1 Frost Nova
1 Frost Armor
» actions
| Assign group hotkey | 28 | |
| Basic commands | 1 | |
| Build / train | 49 | |
| Enter build submenu | 13 | |
| Enter hero's abilities submenu | 5 | |
| Give item / drop item | 3 | |
| Remove unit from queue | 1 | |
| Right click | 532 | |
| Select / deselect | 229 | |
| Select group hotkey | 151 | |
| Use ability | 75 | |
1087 total
» units
| Acolyte | 2 | |
| Ghoul | 5 | |
| Crypt Fiend | 9 | |
| Huntress | 1 | |
| Gargoyle | 4 | |
21 total
» upgrades
» buildings
| Crypt | 2 | |
| Ziggurat | 5 | |
| Altar of Darkness | 1 | |
| Graveyard | 1 | |
| Tomb of Relics | 2 | |
| Nerubian Tower | 1 | |
| Halls of the Dead | 1 | |
| Sacrificial Pit | 1 | |
| Black Citadel | 1 | |
| Spirit Tower | 6 | |
21 total
» build order
00:25 Crypt
00:26 Ziggurat
00:39 Altar of Darkness
01:09 Graveyard
01:24 Ziggurat
01:42 Tomb of Relics
02:28 Nerubian Tower
03:44 Halls of the Dead
04:22 Ziggurat
06:32 Ziggurat
07:32 Sacrificial Pit
08:57 Black Citadel
10:52 Spirit Tower
12:18 Crypt
12:22 Tomb of Relics
12:26 Ziggurat
13:48 Spirit Tower
13:50 Spirit Tower
13:50 Spirit Tower
13:50 Spirit Tower
13:51 Spirit Tower
» items
| Rod of Necromancy | 2 | |
| Potion of Healing | 3 | |
| Potion of Mana | 3 | |
| Lesser Clarity Potion | 1 | |
9 total
relaxfuc.ker (
pink | 84 APM | 3520 actions | 41:48)
10 Mountain King
3 Storm Bolt
3 Bash
1 Avatar
3 Thunder Clap
1 Demon Hunter
1 Mana Burn
» actions
| Assign group hotkey | 94 | |
| Basic commands | 46 | |
| Build / train | 202 | |
| Enter build submenu | 58 | |
| Enter hero's abilities submenu | 11 | |
| Give item / drop item | 17 | |
| Right click | 1690 | |
| Select / deselect | 428 | |
| Select group hotkey | 715 | |
| Use ability | 259 | |
3520 total
» units
| Peasant | 21 | |
| Footman | 5 | |
| Rifleman | 17 | |
43 total
» upgrades
| Swords | 1 | |
| Masonry | 3 | |
| Armor | 3 | |
| Long Rifles | 1 | |
| Gunpowder | 3 | |
11 total
» buildings
| Farm | 11 | |
| Barracks | 4 | |
| Altar of Kings | 1 | |
| Lumber Mill | 1 | |
| Blacksmith | 3 | |
| Arcane Vault | 1 | |
| Keep | 2 | |
| Castle | 2 | |
| Town Hall | 3 | |
| Scout Tower | 35 | |
| Guard Tower | 64 | |
127 total
» build order
00:51 Farm
01:16 Barracks
01:17 Altar of Kings
01:20 Farm
01:23 Farm
01:41 Farm
01:59 Lumber Mill
02:53 Blacksmith
03:12 Farm
04:34 Arcane Vault
05:53 Keep
05:54 Keep
08:39 Castle
08:40 Castle
08:54 Farm
09:26 Town Hall
09:28 Scout Tower
09:29 Scout Tower
09:29 Scout Tower
09:30 Scout Tower
10:00 Guard Tower
10:00 Guard Tower
10:00 Guard Tower
10:03 Scout Tower
10:05 Scout Tower
10:07 Scout Tower
10:09 Scout Tower
10:47 Guard Tower
10:47 Guard Tower
10:48 Guard Tower
10:48 Guard Tower
11:19 Guard Tower
11:19 Guard Tower
11:20 Guard Tower
12:58 Scout Tower
12:59 Scout Tower
13:00 Scout Tower
13:01 Scout Tower
13:03 Scout Tower
13:31 Guard Tower
13:31 Guard Tower
13:31 Guard Tower
13:35 Scout Tower
13:37 Scout Tower
13:40 Scout Tower
13:46 Scout Tower
13:48 Guard Tower
13:48 Guard Tower
13:48 Guard Tower
14:34 Farm
14:35 Scout Tower
14:41 Scout Tower
15:43 Guard Tower
15:43 Guard Tower
15:55 Farm
16:00 Farm
16:11 Guard Tower
16:11 Guard Tower
16:11 Guard Tower
16:12 Guard Tower
16:12 Guard Tower
16:12 Guard Tower
16:12 Guard Tower
20:47 Barracks
20:47 Barracks
21:23 Barracks
22:23 Scout Tower
22:25 Scout Tower
23:20 Guard Tower
23:20 Guard Tower
23:20 Guard Tower
23:20 Guard Tower
23:21 Guard Tower
23:21 Guard Tower
23:43 Guard Tower
23:44 Guard Tower
25:55 Town Hall
25:59 Scout Tower
25:59 Scout Tower
26:03 Scout Tower
26:05 Scout Tower
26:08 Scout Tower
26:09 Scout Tower
26:11 Scout Tower
26:15 Scout Tower
26:16 Scout Tower
26:39 Guard Tower
26:40 Guard Tower
26:57 Guard Tower
26:58 Guard Tower
26:58 Guard Tower
26:58 Guard Tower
27:03 Guard Tower
27:03 Guard Tower
27:03 Guard Tower
27:07 Scout Tower
27:32 Blacksmith
27:35 Blacksmith
27:41 Farm
27:49 Guard Tower
29:46 Farm
32:52 Town Hall
32:54 Scout Tower
32:55 Scout Tower
32:56 Scout Tower
32:59 Scout Tower
33:37 Guard Tower
» items
| Boots of Speed | 1 | |
| Staff of Teleportation | 1 | |
| Scroll of Regeneration | 17 | |
| Lesser Clarity Potion | 12 | |
| Scroll of Town Portal | 5 | |
| Ivory Tower | 2 | |
| Periapt of Vitality | 1 | |
| Potion of Healing | 5 | |
| Potion of Mana | 5 | |
49 total
Mad_Max (
purple | 56 APM | 2325 actions | 41:48)
10 Blademaster
3 Wind Walk
3 Critical Strike
1 Bladestorm
3 Mirror Image
1 Demon Hunter
1 Evasion
» actions
| Assign group hotkey | 26 | |
| Basic commands | 19 | |
| Build / train | 71 | |
| Enter build submenu | 85 | |
| Enter hero's abilities submenu | 11 | |
| Give item / drop item | 9 | |
| Right click | 1139 | |
| Select / deselect | 398 | |
| Select group hotkey | 305 | |
| Use ability | 261 | |
2325 total
» units
| Peon | 13 | |
| Grunt | 4 | |
| Troll Batrider | 4 | |
| Wind Rider | 4 | |
25 total
» upgrades
| Troll Regeneration | 1 | |
| Reinforced Defenses | 1 | |
| Envenomed Spears | 1 | |
| Liquid Fire | 1 | |
| Ranged Weapons | 2 | |
| Ensnare | 1 | |
7 total
» buildings
| Orc Burrow | 3 | |
| Altar of Storms | 1 | |
| Barracks | 1 | |
| Voodoo Lounge | 3 | |
| Stronghold | 1 | |
| War Mill | 2 | |
| Beastiary | 4 | |
| Great Hall | 5 | |
| Watch Tower | 57 | |
| Fortress | 1 | |
| Moon Well | 11 | |
89 total
» build order
00:12 Orc Burrow
00:53 Altar of Storms
01:01 Orc Burrow
01:10 Barracks
01:52 Voodoo Lounge
02:49 Stronghold
04:14 War Mill
04:55 Orc Burrow
05:12 Beastiary
05:13 Beastiary
09:48 Great Hall
09:56 Watch Tower
09:56 Watch Tower
09:57 Watch Tower
09:58 Watch Tower
09:58 Watch Tower
09:58 Watch Tower
10:37 Watch Tower
10:38 Watch Tower
10:40 Watch Tower
10:41 Watch Tower
11:04 Voodoo Lounge
11:08 Watch Tower
11:09 Watch Tower
11:09 Watch Tower
11:20 Fortress
13:30 Watch Tower
13:33 Watch Tower
13:34 Watch Tower
13:35 Watch Tower
13:39 Watch Tower
15:23 Watch Tower
16:23 Watch Tower
16:24 Watch Tower
18:03 Watch Tower
18:27 Watch Tower
18:31 Watch Tower
18:32 Watch Tower
19:35 Watch Tower
19:39 Watch Tower
19:43 Watch Tower
20:03 Moon Well
20:06 Moon Well
20:06 Moon Well
20:06 Moon Well
20:19 Moon Well
20:20 Moon Well
20:21 Moon Well
20:23 Moon Well
20:25 Moon Well
21:33 Beastiary
21:34 Beastiary
22:05 Moon Well
22:06 Moon Well
26:44 War Mill
27:32 Great Hall
28:09 Great Hall
28:16 Watch Tower
28:17 Watch Tower
28:17 Watch Tower
28:17 Watch Tower
28:19 Watch Tower
28:19 Watch Tower
28:20 Watch Tower
28:26 Watch Tower
28:34 Voodoo Lounge
29:25 Watch Tower
30:15 Watch Tower
30:17 Watch Tower
30:19 Watch Tower
30:21 Watch Tower
39:08 Great Hall
39:09 Watch Tower
39:10 Watch Tower
39:10 Watch Tower
39:10 Watch Tower
39:13 Watch Tower
39:13 Watch Tower
39:14 Watch Tower
39:14 Watch Tower
41:43 Great Hall
41:45 Watch Tower
41:45 Watch Tower
41:45 Watch Tower
41:46 Watch Tower
41:47 Watch Tower
41:47 Watch Tower
41:48 Watch Tower
41:48 Watch Tower
» items
| Healing Salve | 7 | |
| Potion of Healing | 4 | |
| Potion of Mana | 7 | |
| Lesser Clarity Potion | 5 | |
| Scroll of Town Portal | 2 | |
25 total
mikeydee05 (
yellow | 54 APM | 697 actions | 12:52)
3 Demon Hunter
1 Evasion
2 Mana Burn
» actions
| Assign group hotkey | 15 | |
| Basic commands | 34 | |
| Build / train | 34 | |
| ESC pressed | 3 | |
| Enter build submenu | 13 | |
| Enter hero's abilities submenu | 3 | |
| Right click | 393 | |
| Select / deselect | 158 | |
| Select group hotkey | 23 | |
| Use ability | 21 | |
697 total
» units
» upgrades
| Strength of the Wild | 1 | |
| Reinforced Hides | 1 | |
2 total
» buildings
| Moon Well | 4 | |
| Altar of Elders | 1 | |
| Hunter's Hall | 1 | |
| Ancient of War | 2 | |
| Tree of Ages | 1 | |
| Ancient of Lore | 2 | |
11 total
» build order
00:30 Moon Well
00:51 Altar of Elders
01:20 Hunter's Hall
02:07 Ancient of War
02:12 Ancient of War
02:30 Moon Well
03:12 Moon Well
05:23 Tree of Ages
08:05 Ancient of Lore
08:16 Ancient of Lore
12:41 Moon Well
team 2 (loser)
R.I.P-K1laC87 (
orange | 40 APM | 1363 actions | 33:52)
5 Demon Hunter
2 Immolation
3 Evasion
3 Keeper of the Grove
2 Entangling Roots
1 Thorns Aura
» actions
| Assign group hotkey | 9 | |
| Basic commands | 80 | |
| Build / train | 52 | |
| Enter build submenu | 26 | |
| Enter hero's abilities submenu | 8 | |
| Give item / drop item | 3 | |
| Remove unit from queue | 3 | |
| Right click | 584 | |
| Select / deselect | 446 | |
| Select group hotkey | 36 | |
| Use ability | 116 | |
1363 total
» units
| Wisp | 10 | |
| Mountain Giant | 2 | |
| Dryad | 6 | |
| Druid of the Claw | 1 | |
19 total
» upgrades
| Strength of the Wild | 1 | |
| Reinforced Hides | 2 | |
| Abolish Magic | 1 | |
| Hardened Skin | 1 | |
| Resistant Skin | 1 | |
| Druid of the Claw Training | 1 | |
7 total
» buildings
| Altar of Elders | 2 | |
| Moon Well | 9 | |
| Tree of Ages | 1 | |
| Hunter's Hall | 2 | |
| Ancient of Wonders | 1 | |
| Ancient of Lore | 2 | |
| Tree of Eternity | 1 | |
| Ancient Protector | 3 | |
| Tree of Life | 2 | |
23 total
» build order
00:09 Altar of Elders
00:10 Moon Well
00:11 Altar of Elders
01:57 Tree of Ages
02:01 Moon Well
02:24 Hunter's Hall
02:29 Hunter's Hall
02:44 Moon Well
03:03 Ancient of Wonders
03:54 Moon Well
04:49 Ancient of Lore
04:51 Ancient of Lore
05:09 Moon Well
07:30 Moon Well
08:32 Moon Well
10:12 Moon Well
12:18 Moon Well
12:20 Tree of Eternity
21:59 Ancient Protector
22:07 Ancient Protector
22:11 Ancient Protector
26:16 Tree of Life
27:00 Tree of Life
» items
| Periapt of Vitality | 1 | |
| Lesser Clarity Potion | 1 | |
| Potion of Healing | 1 | |
| Scroll of Town Portal | 3 | |
| Potion of Lesser Invulnerability | 1 | |
| Orb of Venom | 1 | |
8 total
DOUGLASCALACA (
blue | 39 APM | 1610 actions | 40:50)
7 Paladin
3 Holy Light
3 Divine Shield
1 Resurrection
» actions
| Assign group hotkey | 33 | |
| Build / train | 90 | |
| ESC pressed | 4 | |
| Enter build submenu | 15 | |
| Enter hero's abilities submenu | 7 | |
| Give item / drop item | 4 | |
| Remove unit from queue | 5 | |
| Right click | 731 | |
| Select / deselect | 332 | |
| Select group hotkey | 252 | |
| Use ability | 137 | |
1610 total
» units
| Peasant | 16 | |
| Footman | 10 | |
| Forest Troll Shadow Priest | 2 | |
| Forest Troll Berserker | 1 | |
| Knight | 13 | |
| Siege Engine | 4 | |
46 total
» upgrades
| Defend | 1 | |
| Lumber Harvesting | 2 | |
| Animal War Training | 1 | |
| Swords | 2 | |
| Plating | 2 | |
| Masonry | 1 | |
| Barrage | 1 | |
10 total
» buildings
| Altar of Kings | 1 | |
| Farm | 7 | |
| Barracks | 2 | |
| Scout Tower | 7 | |
| Lumber Mill | 1 | |
| Arcane Vault | 1 | |
| Arcane Tower | 1 | |
| Guard Tower | 2 | |
| Keep | 1 | |
| Blacksmith | 1 | |
| Castle | 1 | |
| Workshop | 3 | |
| Town Hall | 1 | |
29 total
» build order
00:10 Altar of Kings
00:11 Farm
00:21 Barracks
01:08 Farm
01:53 Farm
01:55 Farm
02:45 Scout Tower
02:45 Scout Tower
03:00 Lumber Mill
03:35 Arcane Vault
03:37 Arcane Tower
04:06 Guard Tower
06:03 Keep
06:08 Barracks
06:46 Farm
06:47 Farm
07:27 Blacksmith
08:01 Farm
08:29 Castle
15:15 Scout Tower
15:15 Scout Tower
15:16 Scout Tower
15:16 Scout Tower
15:17 Scout Tower
19:02 Guard Tower
21:51 Workshop
21:52 Workshop
21:53 Workshop
24:00 Town Hall
» items
| Lesser Clarity Potion | 7 | |
| Scroll of Town Portal | 2 | |
| Boots of Speed | 1 | |
| Scroll of Regeneration | 4 | |
| Orb of Fire | 1 | |
| Potion of Healing | 1 | |
16 total
OCEANOGRAPHY. (
teal | 51 APM | 2131 actions | 41:48)
5 Blademaster
3 Wind Walk
2 Critical Strike
» actions
| Assign group hotkey | 61 | |
| Basic commands | 18 | |
| Build / train | 54 | |
| Enter build submenu | 17 | |
| Enter hero's abilities submenu | 5 | |
| Give item / drop item | 6 | |
| Remove unit from queue | 2 | |
| Right click | 901 | |
| Select / deselect | 272 | |
| Select group hotkey | 664 | |
| Use ability | 131 | |
2131 total
» units
» upgrades
| Ranged Weapons | 2 | |
| Armor | 1 | |
| Reinforced Defenses | 1 | |
| Envenomed Spears | 1 | |
5 total
» buildings
| Altar of Storms | 1 | |
| Orc Burrow | 7 | |
| War Mill | 1 | |
| Voodoo Lounge | 1 | |
| Watch Tower | 11 | |
| Stronghold | 2 | |
| Beastiary | 3 | |
| Fortress | 1 | |
| Great Hall | 2 | |
29 total
» build order
00:07 Altar of Storms
00:23 Orc Burrow
00:38 War Mill
01:23 Voodoo Lounge
01:59 Watch Tower
02:16 Watch Tower
02:38 Watch Tower
03:05 Stronghold
03:05 Stronghold
03:22 Orc Burrow
03:23 Orc Burrow
03:24 Orc Burrow
05:51 Beastiary
05:52 Beastiary
06:30 Watch Tower
06:31 Watch Tower
07:20 Fortress
11:25 Orc Burrow
11:26 Orc Burrow
11:26 Orc Burrow
12:13 Beastiary
13:30 Watch Tower
13:31 Watch Tower
13:32 Watch Tower
13:32 Watch Tower
13:46 Watch Tower
13:47 Watch Tower
16:43 Great Hall
17:21 Great Hall
» items
| Healing Salve | 2 | |
| Lesser Clarity Potion | 3 | |
| Boots of Speed | 1 | |
| Staff of Teleportation | 1 | |
| Dust of Appearance | 1 | |
| Potion of Lesser Invulnerability | 1 | |
| Orb of Lightning | 1 | |
| Tiny Great Hall | 1 | |
| Scroll of Town Portal | 2 | |
13 total

»
Liberty- (
green | 35 APM | 1393 actions | 40:14)
5 Tauren Chieftain
3 Endurance Aura
2 War Stomp
» actions
| Assign group hotkey | 23 | |
| Basic commands | 21 | |
| Build / train | 83 | |
| Enter build submenu | 29 | |
| Enter hero's abilities submenu | 5 | |
| Remove unit from queue | 7 | |
| Right click | 660 | |
| Select / deselect | 430 | |
| Select group hotkey | 64 | |
| Use ability | 70 | |
1393 total
» units
| Peon | 16 | |
| Grunt | 14 | |
| Shaman | 12 | |
| Tauren | 4 | |
| Demolisher | 5 | |
| Dryad | 1 | |
52 total
» upgrades
| Armor | 1 | |
| Spiked Barricades | 2 | |
| Berserker Strength | 1 | |
| Shaman Training | 2 | |
| Melee Weapons | 2 | |
| Pillage | 1 | |
| Pulverize | 1 | |
| Burning Oil | 1 | |
11 total
» buildings
| Orc Burrow | 14 | |
| Altar of Storms | 2 | |
| Barracks | 2 | |
| War Mill | 1 | |
| Stronghold | 1 | |
| Voodoo Lounge | 1 | |
| Spirit Lodge | 1 | |
| Watch Tower | 3 | |
| Fortress | 1 | |
| Tauren Totem | 1 | |
| Great Hall | 2 | |
29 total
» build order
00:42 Orc Burrow
01:25 Altar of Storms
01:38 Barracks
02:01 Orc Burrow
03:05 Orc Burrow
04:03 Orc Burrow
04:43 War Mill
05:23 Stronghold
05:27 Voodoo Lounge
05:45 Orc Burrow
07:46 Orc Burrow
07:51 Spirit Lodge
08:19 Watch Tower
08:27 Fortress
12:21 Tauren Totem
19:03 Watch Tower
19:27 Watch Tower
20:19 Orc Burrow
21:11 Orc Burrow
24:05 Great Hall
24:27 Orc Burrow
24:34 Orc Burrow
24:42 Great Hall
25:56 Orc Burrow
27:22 Orc Burrow
28:24 Orc Burrow
32:34 Orc Burrow
34:14 Barracks
36:16 Altar of Storms
» items
| Scroll of Town Portal | 6 | |
| Healing Salve | 1 | |
| Lesser Clarity Potion | 1 | |
8 total
Chat log
(00:26 / Allies) Liberty-: hello
(00:31 / Allies) R.I.P-K1laC87: hi niga
(00:44 / Allies) Liberty-: units
(00:52 / Allies) R.I.P-K1laC87: mg
(00:57 / Allies) OCEANOGRAPHY.: wyvern bat
(00:57 / Allies) R.I.P-K1laC87: drya
(01:08 / Allies) Liberty-: ill get casters and shams
(01:13 / Allies) Liberty-: i mean tauren
(01:15 / Allies) Liberty-: lo
(01:22 / Allies) R.I.P-K1laC87: ha niga
(01:36 / All) Mad_Max: Mad Max Fury Road easily best movie of 2015
(01:43 / All) OCEANOGRAPHY.: never heard sux prob
(01:47 / All) relaxfuc.ker: it's winning the hdbits poll for best movie of 2015
(01:50 / All) OCEANOGRAPHY.: jon wick best of 2015
(01:59 / All) Mad_Max: John Wick sucks ass
(02:04 / All) relaxfuc.ker: how the fuck have you not heard of it LOL
(02:07 / All) R.I.P-K1laC87: niga
(02:22 / All) Mad_Max: John Wick = garbage
(02:24 / All) OCEANOGRAPHY.: i watch good creative shit like anime
(02:26 / All) OCEANOGRAPHY.: not crap
(02:30 / All) Liberty-: ur mom = garbage
(02:37 / All) Mad_Max: Your mom and dad and sister = garbage
(02:45 / All) Mad_Max: Get some taste in action movies, scrub
(02:45 / All) Liberty-: u are right, they are
(02:48 / Allies) OCEANOGRAPHY.: 100 wood?
(03:05 / All) relaxfuc.ker: "creative shit like anime"
(03:08 / Allies) OCEANOGRAPHY.: thx
(03:09 / All) relaxfuc.ker: "not crap"
(03:43 / All) R.I.P-K1laC87: u seen me coming man?
(03:48 / All) R.I.P-K1laC87: cute
(04:03 / All) R.I.P-K1laC87: bumass nig
(07:05 / Allies) R.I.P-K1laC87: im aight
(07:23 / Allies) R.I.P-K1laC87: thnx
(07:29 / All) OCEANOGRAPHY.: rofl
(07:32 / All) Mad_Max: omg
(07:33 / Allies) Liberty-: haha
(07:36 / All) Mad_Max: fucking god this game's pathfinding
(07:44 / All) OCEANOGRAPHY.: happens to all of us yellow
(09:07 / All) Mad_Max: was playing without mousepad lawl
(09:10 / Allies) R.I.P-K1laC87: brt
(09:18 / Allies) R.I.P-K1laC87: backup
(09:20 / All) OCEANOGRAPHY.: i always do
(09:44 / All) Mad_Max: this surface is not conducive for it
(10:11 / Allies) OCEANOGRAPHY.: hit red
(12:02 / Allies) OCEANOGRAPHY.: keep on red
(12:55 / All) Mad_Max: >?>
(12:57 / All) R.I.P-K1laC87: ggâ€
(13:05 / All) Mad_Max: dumb noob elf
(13:37 / Allies) OCEANOGRAPHY.: gold plz expoing
(13:42 / Allies) DOUGLASCALACA: finish
(15:23 / Allies) Liberty-: i got u oj
(16:31 / Allies) Liberty-: gold plz
(16:59 / Allies) R.I.P-K1laC87: bm
(17:30 / All) relaxfuc.ker: ward
(19:55 / Allies) Liberty-: put towers in yo bases
(21:19 / Allies) R.I.P-K1laC87: sham
(21:25 / Allies) Liberty-: ty
(21:42 / Allies) DOUGLASCALACA: gold pls... mass tnaks
(21:44 / Allies) DOUGLASCALACA: tanks
(22:01 / Allies) Liberty-: lets fucking hit
(22:02 / Allies) Liberty-: now
(22:49 / All) Mad_Max: oh yeah had level 2 ww
(22:50 / All) Mad_Max: forgot
(23:36 / All) Mad_Max: faggot
(24:36 / Allies) DOUGLASCALACA: ty
(25:15 / Allies) DOUGLASCALACA: yea
(25:26 / All) relaxfuc.ker: enjoying my hero focusing?
(25:27 / Allies) R.I.P-K1laC87: group up
(25:46 / All) OCEANOGRAPHY.: bm got mad skills
(25:47 / Allies) R.I.P-K1laC87: we guna fk around n lose
(25:58 / Allies) OCEANOGRAPHY.: we got this relax; we have 2 expos and all 4 bases
(26:09 / Allies) DOUGLASCALACA: gold pls
(27:12 / Allies) Liberty-: lets group up
(27:42 / Allies) Liberty-: tp
(27:46 / Allies) OCEANOGRAPHY.: let it die
(27:52 / Allies) Liberty-: noo
(27:57 / Allies) Liberty-: dont wanna lose expos
(27:58 / All) Mad_Max: oj mh?
(28:10 / All) R.I.P-K1laC87: yall niggers do
(28:34 / All) R.I.P-K1laC87: uthink imp cuz you do and you see how i canceld that nig
(28:45 / All) R.I.P-K1laC87: u aint shit
(28:45 / All) Mad_Max: I had bm there
(28:49 / All) Mad_Max: idiot
(28:50 / All) R.I.P-K1laC87: dumbass nig
(28:52 / All) R.I.P-K1laC87: not
(28:58 / All) R.I.P-K1laC87: i have ward dumbass nigger
(29:05 / All) Mad_Max: k lawl
(29:07 / All) R.I.P-K1laC87: stfu stupid ass nigger to the maxpower
(29:08 / All) Mad_Max: doubt it
(29:18 / All) R.I.P-K1laC87: bum as fk dumbass retard save it and watch it nigger
(29:21 / All) R.I.P-K1laC87: plz
(29:35 / All) R.I.P-K1laC87: fk you
(30:02 / Allies) R.I.P-K1laC87: wtf wrong wit u teal
(30:14 / All) OCEANOGRAPHY.: sorry was on phone
(31:03 / Allies) Liberty-: lumber plz
(31:12 / Allies) DOUGLASCALACA: teal
(31:14 / Allies) DOUGLASCALACA: gold
(31:15 / Allies) DOUGLASCALACA: pls
(31:18 / Allies) DOUGLASCALACA: 10k
(31:24 / Allies) R.I.P-K1laC87: teal is a nig
(31:29 / Allies) DOUGLASCALACA: lol
(31:30 / All) OCEANOGRAPHY.: relax wow
(31:32 / All) OCEANOGRAPHY.: i gave you gold
(31:43 / Allies) Liberty-: i need lumber
(31:53 / All) OCEANOGRAPHY.: oj has 3k wood
(31:57 / All) OCEANOGRAPHY.: borrow his
(32:50 / Allies) Liberty-: we need like glaves
(32:51 / Allies) Liberty-: or something
(32:55 / Allies) OCEANOGRAPHY.: demolishers?
(33:02 / Allies) Liberty-: ok
(33:22 / Allies) Liberty-: help
(33:31 / Allies) OCEANOGRAPHY.: where
(33:31 / Allies) DOUGLASCALACA: dont have money
(33:36 / Allies) DOUGLASCALACA: dont have units
(33:40 / Allies) DOUGLASCALACA: teal 12k
(33:47 / Allies) R.I.P-K1laC87: teal is a nig
(33:48 / Allies) Liberty-: teal give some money to blue
(33:51 / All) relaxfuc.ker: bet you thought that tc was going to finish
(33:53 / All) OCEANOGRAPHY.: noob ass team
(33:55 / All) OCEANOGRAPHY.: rap eu
(34:53 / All) Mad_Max: bad rooot LOL
(35:02 / All) OCEANOGRAPHY.: lawl that movie was aight
(35:09 / Allies) Liberty-: teal
(35:12 / Allies) Liberty-: giove money to blue
(35:12 / All) OCEANOGRAPHY.: didn tlike prison scenes in early part
(35:25 / All) Mad_Max: LOL
(35:33 / All) DOUGLASCALACA: TEAL 14K
(35:39 / All) relaxfuc.ker: blue noob
(35:42 / All) Mad_Max: I have 9k and gave pink 5k
(35:45 / All) Mad_Max: we even
(35:58 / All) OCEANOGRAPHY.: we got this blue, relax
(36:22 / Allies) Liberty-: give me gold
(36:25 / Allies) Liberty-: so i can get my hero
(36:26 / Allies) Liberty-: plz
(36:41 / Allies) Liberty-: and a bit of lumber
(36:41 / Allies) Liberty-: ty
(36:47 / Allies) DOUGLASCALACA: np
(39:08 / All) OCEANOGRAPHY.: pally beat mk wtf
(39:10 / Allies) Liberty-: its gg
(39:18 / Allies) DOUGLASCALACA: fuck u teal
(39:25 / All) Mad_Max: moon wells
(39:26 / All) OCEANOGRAPHY.: apologize right now blue
(39:29 / All) Mad_Max: do you ever just
(39:40 / All) DOUGLASCALACA: teal gay
(39:41 / All) OCEANOGRAPHY.: APOLOGIZE BLUE
(40:15 / All) DOUGLASCALACA: kill teal, pls
(40:30 / All) relaxfuc.ker: They run from my hero LOL
(40:37 / All) relaxfuc.ker: sniped that tc and he left the game
(40:54 / All) OCEANOGRAPHY.: rage quit
(40:57 / All) OCEANOGRAPHY.: totaly
(41:08 / All) relaxfuc.ker: this was a fun game
(41:18 / All) OCEANOGRAPHY.: yea we had complete contro really bob didnt evne get units
(41:20 / All) Mad_Max: they didn't crack either of our bases
(41:35 / All) relaxfuc.ker: who loses?
(41:35 / All) OCEANOGRAPHY.: rods base wa hard to crack
(41:38 / All) relaxfuc.ker: I say jake's team 3 legit
(41:39 / All) Mad_Max: 3 legit
(41:43 / All) relaxfuc.ker: I have pro walls lawl
(41:44 / All) relaxfuc.ker: on this map